 Dungeon Crawl Stone Soup version 0.31-a0-1499-ge0622b2318 (webtiles) character file.

Game seed: 4762919347870388938

23 IdlyInterested the Trooper (level 2, -3/24 HPs)
             Began as a Demonspawn Fighter on Dec 29, 2023.
             Slain by an orc
             ... wielding a +0 trident
              (7 damage)
             ... on level 3 of the Dungeon.
             The game lasted 00:03:39 (1393 turns).

IdlyInterested the Trooper (Demonspawn Fighter)     Turns: 1393, Time: 00:03:40

Health: -3/24      AC:  7    Str: 15 (16) XL:     2   Next: 72%
Magic:  2/2        EV:  8    Int:  5 (8)  God:
Gold:   105        SH:  4    Dex:  9 (12) Spells: 1/1 levels left

rFire   . . .        a - +0 rapier
rCold   . . .        c - +0 buckler
rNeg    . . .        b - +0 scale mail
rPois   .            r - +0 helmet
rElec   .            (no cloak)
rCorr   .            (no gloves)
SInv    .            (no boots)
Will    .....        (no amulet) Stlth
                     (no ring)
HPRegen 0.24/turn    (no ring)
MPRegen 0.08/turn

%: no passive effects
@: lethally poisoned (-3 -> -9)
A: foul stench 1
a: no special abilities


You were on level 3 of the Dungeon.
You visited 1 branch of the dungeon, and saw 3 of its levels.

You collected 105 gold pieces.

Inventory:

Hand Weapons
 a - a +0 rapier (weapon)
Missiles
 g - 16 stones (quivered)
 i - 6 curare-tipped darts
Armour
 b - a +0 scale mail (worn)
 c - a +0 buckler (worn)
 f - an orb of energy
 r - a +0 helmet (worn)
Jewellery
 j - an amulet of magic regeneration
Talismans
 n - a beast talisman
Scrolls
 h - a scroll of enchant weapon {unknown}
 k - 2 scrolls of fear
 l - a scroll of summoning {unknown}
 o - a scroll of fog {unknown}
 p - a scroll of poison
Potions
 d - a potion of might


   Skills:
 + Level 3.4 Fighting
 - Level 2.0 Short Blades
 - Level 1.0 Throwing
 - Level 3.0 Armour
 - Level 2.6 Shields


You had one spell level left.
You didn't know any spells.
Your spell library contained the following spells:

 Spells                   Type           Power      Damage    Failure   Level
 Call Imp                 Summ           0%         N/A       99%         2
 Sublimation of Blood     Necr           0%         N/A       99%         2
 Hailstorm                Conj/Ice       0%         3d5       100%        3
 Summon Ice Beast         Ice/Summ       0%         N/A       100%        3
 Sculpt Simulacrum        Ice/Alch       0%         N/A       100%        6
 Summon Hydra             Summ           0%         N/A       100%        7


Dungeon Overview and Level Annotations

Branches:
Dungeon (3/15)

Altars:
Hepliaklqana

Shops:
D:1 (


Innate Abilities, Weirdness & Mutations

You may rarely emit foul miasma when damaged in melee.


Message History

You hit the orc but do no damage.
The orc is almost dead.
The orc hits you from afar with a +0 trident.
The orc hits you with a +0 club.
You hit the orc but do no damage.
The orc is almost dead.
The orc barely misses you.
The orc hits you from afar with a +0 trident.
You block the orc's attack.
You hit the orc but do no damage.
The orc is almost dead.
The orc hits you but does no damage. The orc misses you.
The orc wizard hits you but does no damage.
The orc hits you with a +0 club.
You barely miss the orc.
The orc is almost dead.
The orc wizard hits you but does no damage.
The orc hits you but does no damage.
The orc hits you from afar with a +0 trident.
The orc closely misses you. You block the orc's attack.
The orc wizard gestures at you while chanting.
The puff of flame hits you.
* * * LOW HITPOINT WARNING * * *
The orc hits you from afar with a +0 trident.
* * * LOW HITPOINT WARNING * * *
You hit the orc.
You kill the orc!
The orc wizard hits you but does no damage.
You are lethally poisoned!
The orc barely misses you. You block the orc's attack.
Training target 1.0 for Throwing reached!
Your Throwing skill increases to level 1!
You closely miss the orc wizard.
* * * LOW HITPOINT WARNING * * *
You feel very sick. The orc hits you but does no damage.
The orc wizard gestures at you while chanting.
The puff of flame misses you.
The orc hits you from afar with a +0 trident!
You die...

#########
........# #<#
#.#
#####.#####.# .
#............
....#.#)#####..
.# #.oo@#
...(...o#
####...## ##.#
#) #. #+


You could see an orc wizard and 2 orcs.

Vanquished Creatures
  An orc (D:3)
  2 bats (D:1)
  2 endoplasms (D:2)
  A giant cockroach (D:1)
  2 goblins
  2 hobgoblins (D:2)
  2 ball pythons (D:1)
  2 frilled lizards
  2 kobolds (D:1)
  6 rats
22 creatures vanquished.

Notes
Turn   | Place    | Note
-------+----------+-------------------------------------------
     0 | D:1      | IdlyInterested the Demonspawn Fighter began the quest for
                  | the Orb.
     0 | D:1      | Reached XP level 1. HP: 18/18 MP: 1/1
   424 | D:1      | Gained mutation: You may rarely emit foul miasma when
                  | damaged in melee. [demonic ancestry]
   424 | D:1      | Reached XP level 2. HP: 24/24 MP: 2/2
   435 | D:1      | Found Byoladd's Weapon Shop.
   884 | D:2      | Found a hazy altar of Hepliaklqana.
  1116 | D:2      | Found a faded altar of an unknown god.
  1393 | D:3      | Reached skill level 1 in Throwing
  1393 | D:3      | Slain by an orc

Illustrated notes

Levels and vault maps discovered:
D:1:      amcnicky_arrival_gap_in_the_tavern_cellar, layout_loops_ring,
          serial_shops, nicolae_shop_tiny_statue_garden
D:2:      layout_rooms, basic_altar, shapermc_ecumenical_altar_mp_urbaneastern,
          grunt_decor_junction, corexii_item_surrounded_by_moat
D:3:      minmay_roachtagon, layout_loops_corners

Skill      XL: |  1  2 |
---------------+-------+-----
Short Blades   | 2 |  2.0
Armour         | 3 |  3.0
Throwing       | 1 |  1.0
Fighting       | |  3.4
Shields        | |  2.6

Action                     || total
---------------------------++-------
  Melee: Rapier            ||    79
    Use: Potion            ||     3
         Scroll            ||     2
 Armour: Scale mail        ||    62
  Dodge: Dodged            ||    30
  Block: Buckler           ||    14

Table legend: (Time is in decaauts)
 A = Elapsed time spent in this place.
 B = Non-inter-level travel time spent in this place.
 C = Inter-level travel time spent in this place.
 D = Time resting spent in this place.
 E = Time spent auto-exploring this place.
 F = Levels seen in this place.
 G = Mean time per level.
                   A        B        C        D        E       F      G
               +--------+--------+--------+--------+--------+-----+--------+
         Total |   1403 |   1252 |    151 |    128 |    838 |   3 |  467.7 |
       Dungeon |   1403 |   1252 |    151 |    128 |    838 |   3 |  467.7 |
               +--------+--------+--------+--------+--------+-----+--------+

Top non-repeatable levels by time:
     D:1: 744 daAuts
     D:2: 642 daAuts
     D:3: 17 daAuts
